[ AOE2 MATCH · #477902537 ]
UnrankedSpanish vs Britons
[ REPLAY ANALYSIS · EXTRACTED FROM THE RECORDED GAME ]
Feudal
10:56
Castle
14:26
Imperial
30:05
| APM avg | 26.6 |
| APM peak | 78 |
| eAPM avg | 16.7 |
| Villagers / military | 168 / 227 |
Focus
⚔️ 29.4% · 🌾 70.6%
Scout Cavalry ×135 · Monk ×52 · Knight ×39 · Trade Cart ×21 · Mangonel ×1
Feudal
10:26
Castle
15:59
Imperial
32:55
| APM avg | 37.1 |
| APM peak | 74 |
| eAPM avg | 21.4 |
| Villagers / military | 124 / 79 |
Focus
⚔️ 23.8% · 🌾 76.2%
Mangonel ×31 · Mameluke ×28 · Monk ×17 · Spearman ×3 · Trade Cart ×2
Feudal
10:58
Castle
19:03
Imperial
32:56
| APM avg | 32.1 |
| APM peak | 82 |
| eAPM avg | 16.5 |
| Villagers / military | 127 / 112 |
Focus
⚔️ 19.4% · 🌾 80.6%
Longbowman ×104 · Monk ×3 · Trebuchet (Packed) ×3 · Archer ×2
Feudal
10:31
Castle
14:02
Imperial
31:58
| APM avg | 36.3 |
| APM peak | 81 |
| eAPM avg | 20.3 |
| Villagers / military | 159 / 194 |
Focus
⚔️ 33.2% · 🌾 66.8%
Spearman ×151 · Trade Cart ×38 · Bombard Cannon ×20 · Monk ×18 · Trebuchet (Packed) ×3 · Mangonel ×2
Feudal
11:31
Castle
15:22
Imperial
32:15
| APM avg | 21.2 |
| APM peak | 52 |
| eAPM avg | 13.0 |
| Villagers / military | 179 / 95 |
Focus
⚔️ 24.8% · 🌾 75.2%
Mangonel ×46 · Scorpion ×34 · Bombard Cannon ×15 · Trade Cart ×5
Feudal
9:59
Castle
13:41
Imperial
29:26
| APM avg | 31.5 |
| APM peak | 72 |
| eAPM avg | 17.5 |
| Villagers / military | 162 / 205 |
Focus
⚔️ 18.2% · 🌾 81.8%
War Elephant ×205 · Trade Cart ×33
Feudal
10:40
Castle
14:01
Imperial
28:52
| APM avg | 37.2 |
| APM peak | 78 |
| eAPM avg | 23.7 |
| Villagers / military | 189 / 284 |
Focus
⚔️ 38.2% · 🌾 61.8%
Scout Cavalry ×132 · Scorpion ×102 · Battle Elephant ×46 · Trade Cart ×19 · Trebuchet (Packed) ×4
Feudal
10:06
Castle
13:53
Imperial
28:47
| APM avg | 44.1 |
| APM peak | 87 |
| eAPM avg | 32.6 |
| Villagers / military | 224 / 209 |
Focus
⚔️ 34.6% · 🌾 65.4%
Spearman ×154 · Trade Cart ×35 · Bombard Cannon ×25 · Trebuchet (Packed) ×15 · Militia ×6 · Hand Cannoneer ×5
Match map
Initial resources + every placement click. Lines = walls · curves = elevation contours. ◆ gold · ⬟ stone · ● berries · ✦ relic · ◌ wall gap
Your base· ✓ Closed at 14:26 · 0t walls · no gate
Oliver's base· ✓ Closed at 15:59 · 16t walls · 1 gate(s)
哭稀饭(2125613428)'s base· ✓ Closed at 19:03 · 37t walls · 1 gate(s)
Reisen Udongein Inaba's base· ✓ Closed at 14:02 · 0t walls · no gate
83716497273's base· ✓ Closed at 15:22 · 0t walls · no gate
小传奇's base· ✓ Closed at 13:41 · 0t walls · no gate
tiger's base· ✓ Closed at 14:01 · 0t walls · no gate
ACUP's base· ✓ Closed at 13:53 · 0t walls · no gate
Smoothed initial terrain · ◌ = detected wall gap · hover for details
Inputs per minute
— Hilary - - Oliver
Build order — Hilary
First 150 of 494 actions detected
| 0:00 | Create | Villager (Male) |
| 0:01 | Create | Villager (Male) |
| 0:01 | Create | Villager (Male) |
| 0:01 | Create | Villager (Male) |
| 0:03 | Build | House |
| 0:04 | Build | House |
| 1:38 | Create | Villager (Male) |
| 2:02 | Create | Villager (Male) |
| 2:04 | Create | Villager (Male) |
| 2:25 | Build | Lumber Camp |
| 2:30 | Create | Villager (Male) |
| 3:16 | Create | Villager (Male) |
| 3:30 | Create | Villager (Male) |
| 3:51 | Build | House |
| 3:52 | Build | House |
| 4:00 | Create | Villager (Male) |
| 4:01 | Create | Villager (Male) |
| 4:31 | Create | Villager (Male) |
| 4:37 | Build | Mill |
| 4:41 | Create | Villager (Male) |
| 5:10 | Create | Villager (Male) |
| 5:58 | Create | Villager (Male) |
| 6:17 | Create | Villager (Male) |
| 6:44 | Create | Villager (Male) |
| 7:11 | Create | Villager (Male) |
| 7:21 | Create | Villager (Male) |
| 8:16 | Create | Villager (Male) |
| 8:26 | Build | Mining Camp |
| 8:37 | Create | Villager (Male) |
| 8:41 | Research | Feudal Age |
| 9:39 | Create | Villager (Male) |
| 9:39 | Create | Villager (Male) |
| 10:31 | Build | House |
| 10:56 | Age | Feudal Age |
| 10:59 | Build | Market |
| 11:07 | Build | Blacksmith |
| 11:46 | Research | Castle Age |
| 12:00 | Research | Double-Bit Axe |
| 12:10 | Research | Horse Collar |
| 12:20 | Build | Farm |
| 12:34 | Build | Farm |
| 13:02 | Create | Trade Cart |
| 13:02 | Create | Trade Cart |
| 14:09 | Research | Wheelbarrow |
| 14:26 | Age | Castle Age |
| 14:33 | Build | Town Center |
| 14:59 | Research | Bow Saw |
| 15:08 | Build | Town Center |
| 15:46 | Build | Farm |
| 15:50 | Build | Farm |
| 15:50 | Create | Villager (Male) |
| 15:54 | Build | Farm |
| 16:12 | Create | Villager (Male) |
| 16:15 | Build | Farm |
| 16:19 | Build | Farm |
| 16:25 | Build | Farm |
| 16:29 | Build | Farm |
| 16:42 | Create | Villager (Male) |
| 16:45 | Build | Farm |
| 16:54 | Build | Farm |
| 17:04 | Create | Villager (Male) |
| 17:07 | Build | Farm |
| 17:12 | Build | Farm |
| 17:13 | Create | Villager (Male) |
| 17:21 | Build | Farm |
| 17:26 | Create | Villager (Male) |
| 17:35 | Build | Farm |
| 17:42 | Build | Farm |
| 17:43 | Create | Villager (Male) |
| 17:53 | Create | Villager (Male) |
| 17:55 | Build | Farm |
| 17:56 | Create | Villager (Male) |
| 18:05 | Build | Farm |
| 18:18 | Create | Villager (Male) |
| 18:22 | Build | Farm |
| 18:23 | Create | Villager (Male) |
| 18:26 | Build | Farm |
| 18:26 | Create | Villager (Male) |
| 18:32 | Build | Farm |
| 18:34 | Create | Villager (Male) |
| 18:49 | Build | House |
| 18:50 | Build | House |
| 18:55 | Create | Villager (Male) |
| 18:59 | Build | Farm |
| 19:00 | Create | Villager (Male) |
| 19:08 | Build | Farm |
| 19:24 | Build | Farm |
| 19:27 | Create | Villager (Male) |
| 19:27 | Create | Villager (Male) |
| 19:33 | Build | Farm |
| 19:39 | Create | Villager (Male) |
| 19:55 | Research | Hand Cart |
| 19:59 | Build | Farm |
| 20:07 | Create | Villager (Male) |
| 20:28 | Create | Villager (Male) |
| 20:51 | Build | Town Center |
| 20:51 | Create | Villager (Male) |
| 20:55 | Create | Villager (Male) |
| 20:55 | Create | Villager (Male) |
| 20:55 | Create | Villager (Male) |
| 20:59 | Create | Trade Cart |
| 21:03 | Build | House |
| 21:04 | Build | House |
| 21:08 | Build | House |
| 21:10 | Build | House |
| 21:12 | Create | Villager (Male) |
| 21:12 | Create | Villager (Male) |
| 21:31 | Build | Farm |
| 21:35 | Build | House |
| 21:37 | Build | House |
| 22:08 | Create | Villager (Male) |
| 22:09 | Create | Villager (Male) |
| 22:09 | Create | Villager (Male) |
| 22:09 | Create | Villager (Male) |
| 22:09 | Create | Villager (Male) |
| 22:17 | Build | Farm |
| 22:18 | Create | Villager (Male) |
| 22:22 | Create | Villager (Male) |
| 22:24 | Create | Trade Cart |
| 22:33 | Create | Villager (Male) |
| 22:33 | Create | Villager (Male) |
| 22:36 | Create | Villager (Male) |
| 22:40 | Build | Farm |
| 22:41 | Create | Villager (Male) |
| 22:51 | Create | Villager (Male) |
| 22:55 | Build | House |
| 22:56 | Build | House |
| 22:57 | Build | House |
| 22:58 | Create | Villager (Male) |
| 22:58 | Create | Villager (Male) |
| 22:58 | Create | Villager (Male) |
| 23:02 | Create | Villager (Male) |
| 23:05 | Create | Villager (Male) |
| 23:11 | Build | Monastery |
| 23:12 | Create | Villager (Male) |
| 23:18 | Create | Villager (Male) |
| 23:21 | Create | Villager (Male) |
| 23:30 | Create | Villager (Male) |
| 23:32 | Create | Villager (Male) |
| 23:36 | Build | University |
| 23:37 | Create | Villager (Male) |
| 23:40 | Create | Villager (Male) |
| 23:42 | Research | Gold Mining |
| 23:42 | Research | Stone Mining |
| 23:43 | Create | Villager (Male) |
| 23:56 | Create | Villager (Male) |
| 24:03 | Create | Villager (Male) |
| 24:08 | Build | Farm |
| 24:09 | Research | Heavy Plow |
| 24:14 | Build | House |
Build order — Oliver
First 150 of 371 actions detected
| 0:01 | Create | Villager (Male) |
| 0:02 | Create | Villager (Male) |
| 0:02 | Create | Villager (Male) |
| 0:03 | Build | House |
| 0:04 | Build | House |
| 0:21 | Create | Villager (Male) |
| 0:21 | Create | Villager (Male) |
| 1:23 | Create | Villager (Male) |
| 2:06 | Create | Villager (Male) |
| 2:11 | Build | Lumber Camp |
| 2:38 | Create | Villager (Male) |
| 2:40 | Create | Villager (Male) |
| 3:34 | Create | Villager (Male) |
| 3:34 | Create | Villager (Male) |
| 3:43 | Build | House |
| 4:06 | Build | House |
| 4:31 | Create | Villager (Male) |
| 4:31 | Create | Villager (Male) |
| 4:31 | Create | Villager (Male) |
| 4:48 | Build | Mill |
| 5:08 | Create | Villager (Male) |
| 5:18 | Create | Villager (Male) |
| 5:44 | Create | Villager (Male) |
| 6:15 | Create | Villager (Male) |
| 6:15 | Create | Villager (Male) |
| 6:18 | Create | Villager (Male) |
| 7:44 | Build | Mining Camp |
| 7:55 | Research | Feudal Age |
| 8:42 | Research | Loom |
| 9:03 | Build | Mining Camp |
| 9:28 | Build | House |
| 10:26 | Age | Feudal Age |
| 10:29 | Research | Double-Bit Axe |
| 10:32 | Research | Double-Bit Axe |
| 10:39 | Build | Market |
| 10:45 | Build | Blacksmith |
| 10:59 | Build | House |
| 11:01 | Build | Palisade Wall |
| 11:16 | Create | Villager (Male) |
| 11:33 | Build | House |
| 11:37 | Build | Stone Wall |
| 11:40 | Build | Stone Wall |
| 11:43 | Build | Gate |
| 11:52 | Create | Villager (Male) |
| 12:21 | Create | Villager (Male) |
| 12:53 | Build | Palisade Wall |
| 12:56 | Build | Palisade Wall |
| 13:19 | Research | Castle Age |
| 14:33 | Research | Horse Collar |
| 15:52 | Build | House |
| 15:59 | Age | Castle Age |
| 16:01 | Build | Town Center |
| 16:04 | Build | Town Center |
| 16:13 | Build | Town Center |
| 16:47 | Build | Monastery |
| 17:12 | Create | Villager (Male) |
| 17:13 | Create | Villager (Male) |
| 17:15 | Create | Villager (Male) |
| 17:17 | Create | Villager (Male) |
| 17:32 | Create | Villager (Male) |
| 17:34 | Build | Farm |
| 17:39 | Create | Monk |
| 17:50 | Build | Farm |
| 17:53 | Build | Farm |
| 17:59 | Create | Villager (Male) |
| 18:00 | Create | Villager (Male) |
| 18:07 | Build | House |
| 18:20 | Build | Farm |
| 18:35 | Create | Villager (Male) |
| 18:35 | Create | Villager (Male) |
| 18:38 | Create | Villager (Male) |
| 18:38 | Create | Villager (Male) |
| 18:39 | Create | Villager (Male) |
| 18:49 | Build | Barracks |
| 19:00 | Build | Palisade Wall |
| 19:02 | Build | Palisade Wall |
| 19:06 | Build | Palisade Wall |
| 19:11 | Build | Palisade Wall |
| 19:28 | Create | Villager (Male) |
| 19:28 | Create | Villager (Male) |
| 19:37 | Create | Monk |
| 19:48 | Build | Farm |
| 19:49 | Build | Farm |
| 19:50 | Create | Villager (Male) |
| 19:57 | Build | Lumber Camp |
| 19:59 | Create | Villager (Male) |
| 20:00 | Create | Villager (Male) |
| 20:08 | Create | Spearman |
| 20:11 | Build | House |
| 20:51 | Create | Spearman |
| 20:52 | Create | Spearman |
| 20:54 | Create | Villager (Male) |
| 20:57 | Build | Farm |
| 20:59 | Build | Farm |
| 21:02 | Build | Farm |
| 21:09 | Create | Villager (Male) |
| 21:15 | Create | Villager (Male) |
| 21:15 | Create | Villager (Male) |
| 21:15 | Create | Villager (Male) |
| 21:15 | Create | Villager (Male) |
| 21:30 | Build | Siege Workshop |
| 21:32 | Create | Villager (Male) |
| 21:43 | Research | Bow Saw |
| 21:47 | Build | Farm |
| 21:48 | Build | Farm |
| 21:51 | Build | Farm |
| 22:00 | Build | Farm |
| 22:19 | Create | Villager (Male) |
| 22:19 | Create | Villager (Male) |
| 22:25 | Build | House |
| 22:28 | Build | Farm |
| 22:31 | Build | Farm |
| 22:34 | Build | Farm |
| 22:35 | Create | Villager (Male) |
| 23:14 | Build | Siege Workshop |
| 23:19 | Build | Farm |
| 23:20 | Create | Villager (Male) |
| 23:20 | Create | Villager (Male) |
| 23:20 | Create | Villager (Male) |
| 23:20 | Create | Villager (Male) |
| 23:24 | Build | Farm |
| 24:05 | Create | Villager (Male) |
| 24:05 | Create | Villager (Male) |
| 24:06 | Create | Villager (Male) |
| 24:06 | Create | Villager (Male) |
| 24:06 | Create | Villager (Male) |
| 24:18 | Research | Gold Mining |
| 24:20 | Research | Stone Mining |
| 24:25 | Create | Villager (Male) |
| 24:30 | Build | Mill |
| 24:31 | Build | Farm |
| 24:31 | Build | Farm |
| 24:31 | Build | Farm |
| 24:32 | Build | Farm |
| 24:32 | Build | Farm |
| 24:32 | Build | Farm |
| 24:43 | Research | Heavy Plow |
| 24:51 | Create | Villager (Male) |
| 24:52 | Create | Villager (Male) |
| 24:55 | Build | Castle |
| 25:00 | Create | Mangonel |
| 25:06 | Build | Farm |
| 25:07 | Create | Villager (Male) |
| 25:07 | Create | Villager (Male) |
| 25:08 | Build | Farm |
| 25:17 | Create | Villager (Male) |
| 25:19 | Build | Farm |
| 25:32 | Build | Town Center |
| 25:47 | Build | Market |
| 25:58 | Build | House |
Build order — 哭稀饭(2125613428)
First 150 of 325 actions detected
| 0:02 | Create | Villager (Male) |
| 0:02 | Create | Villager (Male) |
| 0:03 | Create | Villager (Male) |
| 0:04 | Build | House |
| 0:08 | Build | House |
| 0:36 | Create | Villager (Male) |
| 1:31 | Create | Villager (Male) |
| 1:31 | Create | Villager (Male) |
| 1:32 | Create | Villager (Male) |
| 1:54 | Create | Villager (Male) |
| 1:55 | Create | Villager (Male) |
| 2:07 | Build | Lumber Camp |
| 2:08 | Create | Villager (Male) |
| 2:08 | Create | Villager (Male) |
| 2:31 | Create | Villager (Male) |
| 2:31 | Create | Villager (Male) |
| 2:39 | Create | Villager (Male) |
| 2:39 | Create | Villager (Male) |
| 3:09 | Create | Villager (Male) |
| 3:53 | Build | House |
| 3:55 | Build | House |
| 3:57 | Build | House |
| 4:02 | Create | Villager (Male) |
| 4:22 | Create | Villager (Male) |
| 4:22 | Create | Villager (Male) |
| 5:08 | Build | Mill |
| 5:16 | Create | Villager (Male) |
| 5:40 | Create | Villager (Male) |
| 5:41 | Create | Villager (Male) |
| 5:46 | Create | Villager (Male) |
| 6:14 | Research | Loom |
| 6:42 | Create | Villager (Male) |
| 6:52 | Create | Villager (Male) |
| 7:29 | Create | Villager (Male) |
| 7:40 | Create | Villager (Male) |
| 8:09 | Create | Villager (Male) |
| 8:09 | Create | Villager (Male) |
| 8:26 | Create | Villager (Male) |
| 8:44 | Create | Villager (Male) |
| 8:47 | Research | Feudal Age |
| 9:35 | Create | Villager (Male) |
| 9:56 | Build | Palisade Wall |
| 10:06 | Create | Villager (Male) |
| 10:18 | Build | Palisade Wall |
| 10:24 | Build | Mining Camp |
| 10:50 | Build | Barracks |
| 10:58 | Age | Feudal Age |
| 10:59 | Research | Horse Collar |
| 11:02 | Research | Double-Bit Axe |
| 11:29 | Create | Villager (Male) |
| 12:07 | Build | Stone Wall |
| 12:28 | Build | Gate |
| 12:29 | Create | Villager (Male) |
| 12:31 | Create | Villager (Male) |
| 13:08 | Build | Farm |
| 13:11 | Build | House |
| 13:14 | Create | Villager (Male) |
| 13:35 | Build | Farm |
| 13:45 | Create | Villager (Male) |
| 13:48 | Build | Farm |
| 13:52 | Build | Farm |
| 13:55 | Build | Farm |
| 13:59 | Build | Farm |
| 14:00 | Create | Villager (Male) |
| 14:18 | Build | Farm |
| 14:23 | Build | House |
| 14:25 | Build | House |
| 14:38 | Build | Blacksmith |
| 14:40 | Create | Villager (Male) |
| 14:44 | Build | Farm |
| 15:24 | Create | Villager (Male) |
| 15:25 | Create | Villager (Male) |
| 15:42 | Build | Archery Range |
| 16:23 | Research | Castle Age |
| 16:44 | Build | Lumber Camp |
| 16:47 | Build | Farm |
| 16:55 | Build | Mining Camp |
| 18:45 | Create | Villager (Male) |
| 18:45 | Create | Villager (Male) |
| 19:03 | Age | Castle Age |
| 19:22 | Build | Monastery |
| 19:28 | Research | Wheelbarrow |
| 19:32 | Build | Mining Camp |
| 19:43 | Research | Crossbowman (upgrade) |
| 19:50 | Build | University |
| 19:53 | Create | Villager (Male) |
| 19:54 | Research | Heavy Plow |
| 19:56 | Research | Bow Saw |
| 20:06 | Create | Monk |
| 20:07 | Create | Monk |
| 20:48 | Build | Town Center |
| 20:54 | Create | Monk |
| 20:58 | Create | Archer |
| 20:58 | Create | Archer |
| 21:07 | Research | Fletching |
| 21:11 | Create | Villager (Male) |
| 21:36 | Build | Farm |
| 21:38 | Create | Villager (Male) |
| 22:05 | Build | House |
| 22:06 | Build | House |
| 22:07 | Build | House |
| 22:09 | Create | Villager (Male) |
| 22:12 | Research | Hand Cart |
| 22:15 | Build | Farm |
| 22:15 | Build | Farm |
| 22:16 | Build | Farm |
| 22:52 | Create | Villager (Male) |
| 22:54 | Create | Villager (Male) |
| 22:56 | Create | Villager (Male) |
| 22:56 | Create | Villager (Male) |
| 23:28 | Create | Villager (Male) |
| 23:32 | Build | House |
| 23:34 | Build | House |
| 23:35 | Create | Villager (Male) |
| 23:35 | Create | Villager (Male) |
| 23:39 | Create | Villager (Male) |
| 23:41 | Build | Farm |
| 23:51 | Create | Villager (Male) |
| 23:58 | Build | Town Center |
| 24:02 | Create | Villager (Male) |
| 24:02 | Create | Villager (Male) |
| 24:03 | Build | Farm |
| 24:16 | Create | Villager (Male) |
| 24:42 | Build | Market |
| 24:45 | Build | House |
| 24:47 | Build | House |
| 24:49 | Build | House |
| 24:50 | Build | House |
| 24:51 | Build | House |
| 24:52 | Create | Villager (Male) |
| 24:52 | Create | Villager (Male) |
| 24:53 | Create | Villager (Male) |
| 24:56 | Build | Farm |
| 24:58 | Create | Villager (Male) |
| 25:04 | Create | Villager (Male) |
| 25:20 | Build | Farm |
| 25:32 | Create | Villager (Male) |
| 25:36 | Create | Villager (Male) |
| 25:41 | Build | Farm |
| 25:50 | Build | Farm |
| 25:52 | Create | Villager (Male) |
| 25:53 | Create | Villager (Male) |
| 25:54 | Create | Villager (Male) |
| 26:03 | Build | Farm |
| 26:08 | Create | Villager (Male) |
| 26:09 | Create | Villager (Male) |
| 26:12 | Build | Farm |
| 26:15 | Build | Farm |
| 26:17 | Create | Villager (Male) |
| 26:19 | Create | Villager (Male) |
Build order — Reisen Udongein Inaba
First 150 of 495 actions detected
| 0:01 | Create | Villager (Male) |
| 0:03 | Build | House |
| 0:05 | Build | House |
| 0:10 | Create | Villager (Male) |
| 0:10 | Create | Villager (Male) |
| 0:10 | Create | Villager (Male) |
| 1:37 | Create | Villager (Male) |
| 1:52 | Build | Lumber Camp |
| 2:01 | Create | Villager (Male) |
| 2:01 | Create | Villager (Male) |
| 2:20 | Create | Villager (Male) |
| 2:20 | Create | Villager (Male) |
| 2:49 | Create | Villager (Male) |
| 2:49 | Create | Villager (Male) |
| 2:53 | Create | Villager (Male) |
| 2:53 | Create | Villager (Male) |
| 3:19 | Create | Villager (Male) |
| 3:19 | Create | Villager (Male) |
| 3:59 | Build | House |
| 4:03 | Create | Villager (Male) |
| 4:03 | Create | Villager (Male) |
| 4:25 | Build | Mill |
| 5:00 | Create | Villager (Male) |
| 5:00 | Create | Villager (Male) |
| 5:17 | Build | House |
| 5:17 | Build | House |
| 5:25 | Create | Villager (Male) |
| 5:25 | Create | Villager (Male) |
| 5:32 | Create | Villager (Male) |
| 5:33 | Create | Villager (Male) |
| 5:35 | Build | Farm |
| 5:38 | Build | Farm |
| 6:15 | Create | Villager (Male) |
| 6:40 | Create | Villager (Male) |
| 7:35 | Build | Mining Camp |
| 7:54 | Create | Villager (Male) |
| 8:19 | Research | Feudal Age |
| 8:19 | Research | Feudal Age |
| 8:24 | Create | Villager (Male) |
| 8:24 | Research | Loom |
| 10:31 | Age | Feudal Age |
| 10:33 | Build | Market |
| 10:35 | Build | Blacksmith |
| 11:22 | Research | Castle Age |
| 11:31 | Research | Double-Bit Axe |
| 11:59 | Research | Horse Collar |
| 12:39 | Create | Villager (Male) |
| 13:02 | Create | Villager (Male) |
| 14:02 | Age | Castle Age |
| 14:10 | Build | Town Center |
| 14:14 | Build | Town Center |
| 14:16 | Create | Villager (Male) |
| 14:38 | Build | Farm |
| 14:41 | Create | Villager (Male) |
| 14:45 | Build | Lumber Camp |
| 14:46 | Create | Villager (Male) |
| 14:48 | Build | Farm |
| 14:55 | Build | Farm |
| 15:05 | Create | Villager (Male) |
| 15:13 | Build | Farm |
| 15:15 | Create | Villager (Male) |
| 15:17 | Build | Farm |
| 15:19 | Build | Farm |
| 15:29 | Build | Farm |
| 15:31 | Build | Farm |
| 15:33 | Build | Farm |
| 15:49 | Build | Farm |
| 15:50 | Create | Villager (Male) |
| 15:51 | Create | Villager (Male) |
| 15:51 | Create | Villager (Male) |
| 16:01 | Build | Farm |
| 16:15 | Build | Farm |
| 16:18 | Build | Farm |
| 16:21 | Build | Farm |
| 16:24 | Create | Villager (Male) |
| 16:29 | Build | House |
| 16:37 | Build | House |
| 16:38 | Build | House |
| 16:39 | Build | House |
| 16:39 | Build | House |
| 16:39 | Build | House |
| 16:40 | Build | House |
| 16:50 | Create | Villager (Male) |
| 16:51 | Create | Villager (Male) |
| 17:06 | Create | Villager (Male) |
| 17:10 | Create | Villager (Male) |
| 17:11 | Create | Villager (Male) |
| 17:11 | Create | Villager (Male) |
| 17:12 | Build | Farm |
| 17:14 | Build | Farm |
| 17:17 | Build | Farm |
| 17:29 | Create | Villager (Male) |
| 17:31 | Create | Villager (Male) |
| 17:31 | Create | Villager (Male) |
| 17:43 | Build | Town Center |
| 17:45 | Create | Villager (Male) |
| 17:47 | Build | Farm |
| 17:58 | Create | Villager (Male) |
| 17:58 | Create | Villager (Male) |
| 18:01 | Build | Farm |
| 18:03 | Build | Farm |
| 18:05 | Build | Farm |
| 18:16 | Create | Villager (Male) |
| 18:17 | Create | Villager (Male) |
| 18:19 | Create | Villager (Male) |
| 18:19 | Create | Villager (Male) |
| 18:19 | Create | Villager (Male) |
| 18:21 | Build | Farm |
| 18:23 | Build | Farm |
| 18:28 | Build | House |
| 18:30 | Build | House |
| 18:32 | Create | Villager (Male) |
| 18:32 | Create | Villager (Male) |
| 18:36 | Build | Farm |
| 18:38 | Create | Villager (Male) |
| 18:38 | Create | Villager (Male) |
| 18:38 | Create | Villager (Male) |
| 18:41 | Create | Villager (Male) |
| 18:55 | Create | Villager (Male) |
| 18:55 | Create | Villager (Male) |
| 18:59 | Create | Villager (Male) |
| 18:59 | Create | Villager (Male) |
| 19:07 | Build | Market |
| 19:19 | Create | Villager (Male) |
| 19:19 | Create | Villager (Male) |
| 19:20 | Create | Villager (Male) |
| 19:28 | Research | Wheelbarrow |
| 19:33 | Create | Villager (Male) |
| 19:33 | Create | Villager (Male) |
| 19:37 | Create | Villager (Male) |
| 19:37 | Create | Villager (Male) |
| 19:42 | Build | House |
| 19:44 | Build | House |
| 19:51 | Build | House |
| 19:52 | Build | House |
| 19:53 | Build | House |
| 19:55 | Create | Villager (Male) |
| 19:59 | Create | Villager (Male) |
| 20:03 | Build | Palisade Wall |
| 20:21 | Build | House |
| 20:24 | Create | Villager (Male) |
| 20:24 | Create | Villager (Male) |
| 20:24 | Create | Villager (Male) |
| 20:26 | Create | Trade Cart |
| 20:26 | Create | Trade Cart |
| 20:27 | Create | Trade Cart |
| 20:33 | Create | Villager (Male) |
| 20:33 | Create | Villager (Male) |
| 20:34 | Create | Villager (Male) |
| 20:41 | Create | Villager (Male) |
Build order — 83716497273
First 150 of 262 actions detected
| 0:20 | Create | Villager (Male) ×4 |
| 0:20 | Create | Villager (Male) ×4 |
| 0:24 | Build | House |
| 0:26 | Build | House |
| 1:51 | Create | Villager (Male) |
| 2:31 | Create | Villager (Male) |
| 2:31 | Create | Villager (Male) |
| 3:05 | Build | House |
| 3:24 | Create | Villager (Male) |
| 3:49 | Build | Lumber Camp |
| 3:56 | Create | Villager (Male) |
| 4:44 | Create | Villager (Male) |
| 4:44 | Create | Villager (Male) |
| 4:44 | Create | Villager (Male) |
| 4:45 | Create | Villager (Male) |
| 6:18 | Create | Villager (Male) |
| 6:18 | Create | Villager (Male) |
| 6:58 | Create | Villager (Male) |
| 7:01 | Build | Mill |
| 7:23 | Create | Villager (Male) |
| 7:25 | Build | House |
| 7:59 | Create | Villager (Male) |
| 8:25 | Create | Villager (Male) |
| 8:31 | Create | Villager (Male) |
| 9:21 | Research | Feudal Age |
| 10:37 | Build | Farm |
| 11:13 | Create | Villager (Male) |
| 11:13 | Create | Villager (Male) |
| 11:31 | Age | Feudal Age |
| 11:35 | Build | Market |
| 11:38 | Build | Blacksmith |
| 12:00 | Build | Lumber Camp |
| 12:42 | Research | Castle Age |
| 12:42 | Research | Castle Age |
| 12:47 | Build | Farm |
| 12:48 | Build | Farm |
| 12:49 | Build | Farm |
| 13:26 | Build | House |
| 14:02 | Research | Double-Bit Axe |
| 14:13 | Build | Farm |
| 14:14 | Build | Farm |
| 14:14 | Build | Farm |
| 15:03 | Create | Villager (Male) |
| 15:09 | Research | Padded Archer Armor |
| 15:16 | Research | Horse Collar |
| 15:22 | Age | Castle Age |
| 15:44 | Build | Town Center |
| 15:49 | Build | Town Center |
| 15:58 | Create | Villager (Male) |
| 16:03 | Research | Bow Saw |
| 16:23 | Create | Villager (Male) |
| 16:48 | Create | Villager (Male) |
| 16:54 | Build | House |
| 17:10 | Create | Villager (Male) |
| 17:11 | Create | Villager (Male) |
| 17:16 | Research | Heavy Plow |
| 17:18 | Create | Villager (Male) |
| 17:23 | Create | Villager (Male) |
| 17:26 | Build | Farm |
| 17:57 | Create | Villager (Male) |
| 17:57 | Create | Villager (Male) |
| 17:58 | Create | Villager (Male) |
| 18:06 | Build | Farm |
| 18:06 | Build | Farm |
| 18:07 | Build | Farm |
| 18:07 | Build | Farm |
| 18:07 | Build | Farm |
| 18:07 | Build | Farm |
| 18:08 | Build | Farm |
| 18:17 | Create | Villager (Male) |
| 18:20 | Build | Farm |
| 18:21 | Build | Farm |
| 18:28 | Create | Villager (Male) |
| 18:28 | Create | Villager (Male) |
| 18:31 | Build | Mining Camp |
| 18:43 | Create | Villager (Male) |
| 18:49 | Build | Farm |
| 18:52 | Build | Farm |
| 18:53 | Create | Villager (Male) |
| 19:01 | Create | Villager (Male) |
| 19:01 | Create | Villager (Male) |
| 19:04 | Build | Farm |
| 19:14 | Build | Farm |
| 19:18 | Create | Villager (Male) |
| 19:18 | Create | Villager (Male) |
| 19:23 | Create | Villager (Male) |
| 19:29 | Create | Villager (Male) |
| 19:29 | Create | Villager (Male) |
| 19:37 | Build | Farm |
| 19:39 | Create | Villager (Male) |
| 19:50 | Build | House |
| 19:52 | Create | Villager (Male) |
| 20:03 | Create | Villager (Male) |
| 20:04 | Create | Villager (Male) |
| 20:08 | Build | Farm |
| 20:09 | Create | Villager (Male) |
| 20:21 | Build | House |
| 20:23 | Create | Villager (Male) |
| 20:28 | Create | Villager (Male) |
| 20:30 | Create | Villager (Male) |
| 20:36 | Create | Villager (Male) |
| 20:40 | Build | Town Center |
| 20:43 | Create | Villager (Male) |
| 20:49 | Build | House |
| 20:50 | Build | House |
| 20:50 | Build | House |
| 20:51 | Build | House |
| 20:52 | Build | House |
| 20:52 | Build | House |
| 20:53 | Build | House |
| 21:03 | Create | Villager (Male) |
| 21:39 | Research | Wheelbarrow |
| 21:40 | Create | Villager (Male) ×3 |
| 22:05 | Build | Town Center |
| 22:08 | Create | Villager (Male) |
| 22:09 | Create | Villager (Male) |
| 22:16 | Create | Villager (Male) |
| 22:16 | Create | Villager (Male) |
| 22:23 | Create | Villager (Male) |
| 22:38 | Create | Villager (Male) |
| 22:43 | Create | Villager (Male) |
| 22:58 | Create | Villager (Male) |
| 22:59 | Create | Villager (Male) |
| 22:59 | Create | Villager (Male) |
| 23:08 | Build | Mill |
| 23:09 | Build | Farm |
| 23:09 | Build | Farm |
| 23:10 | Build | Farm |
| 23:10 | Build | Farm |
| 23:10 | Build | Farm |
| 23:10 | Build | Farm |
| 23:10 | Build | Farm |
| 23:11 | Build | Farm |
| 23:11 | Build | Farm |
| 23:18 | Create | Villager (Male) ×5 |
| 23:32 | Build | Town Center |
| 23:46 | Create | Villager (Male) ×5 |
| 24:10 | Build | House |
| 24:11 | Build | House |
| 24:12 | Build | House |
| 24:13 | Build | House |
| 24:16 | Build | House |
| 24:29 | Build | Market |
| 24:31 | Create | Villager (Male) |
| 24:31 | Create | Villager (Male) |
| 24:37 | Research | Hand Cart |
| 24:38 | Create | Villager (Male) ×2 |
| 24:45 | Build | Farm |
| 24:45 | Build | Farm |
| 24:45 | Build | Farm |
Build order — 小传奇
First 150 of 435 actions detected
| 0:06 | Create | Villager (Male) |
| 0:07 | Create | Villager (Male) |
| 0:07 | Create | Villager (Male) |
| 0:08 | Build | House |
| 0:11 | Build | House |
| 0:31 | Create | Villager (Male) |
| 0:32 | Create | Villager (Male) |
| 0:32 | Create | Villager (Male) |
| 1:37 | Create | Villager (Male) |
| 1:38 | Create | Villager (Male) |
| 2:23 | Create | Villager (Male) |
| 2:24 | Create | Villager (Male) |
| 2:25 | Create | Villager (Male) |
| 2:25 | Create | Villager (Male) |
| 2:41 | Build | Lumber Camp |
| 3:23 | Create | Villager (Male) |
| 3:23 | Create | Villager (Male) |
| 3:34 | Create | Villager (Male) |
| 3:34 | Create | Villager (Male) |
| 3:53 | Build | House |
| 3:56 | Build | House |
| 5:06 | Create | Villager (Male) |
| 5:07 | Create | Villager (Male) |
| 5:39 | Create | Villager (Male) |
| 5:46 | Build | Mill |
| 6:18 | Create | Villager (Male) |
| 6:35 | Create | Villager (Male) |
| 6:43 | Create | Villager (Male) |
| 7:15 | Create | Villager (Male) |
| 7:55 | Research | Feudal Age |
| 8:04 | Build | Mining Camp |
| 9:57 | Create | Villager (Male) |
| 9:59 | Age | Feudal Age |
| 10:02 | Build | Blacksmith |
| 10:04 | Build | Market |
| 10:23 | Create | Villager (Male) |
| 10:37 | Build | House |
| 10:45 | Create | Villager (Male) |
| 11:16 | Research | Castle Age |
| 11:58 | Research | Double-Bit Axe |
| 12:24 | Build | House |
| 12:25 | Build | House |
| 12:26 | Build | House |
| 12:26 | Build | House |
| 12:39 | Research | Horse Collar |
| 13:06 | Create | Villager (Male) |
| 13:07 | Create | Villager (Male) |
| 13:25 | Build | Farm |
| 13:27 | Build | Farm |
| 13:39 | Create | Villager (Male) |
| 13:41 | Age | Castle Age |
| 13:46 | Build | Town Center |
| 14:16 | Build | Town Center |
| 14:38 | Create | Villager (Male) |
| 15:08 | Create | Villager (Male) |
| 15:15 | Research | Bow Saw |
| 15:18 | Build | Farm |
| 15:21 | Build | Farm |
| 15:23 | Build | Farm |
| 15:25 | Create | Villager (Male) |
| 15:25 | Create | Villager (Male) |
| 15:40 | Build | Farm |
| 15:47 | Create | Villager (Male) |
| 15:52 | Build | Farm |
| 16:10 | Create | Villager (Male) |
| 16:11 | Create | Villager (Male) |
| 16:11 | Create | Villager (Male) |
| 16:15 | Build | Farm |
| 16:20 | Build | Lumber Camp |
| 16:39 | Create | Villager (Male) |
| 16:39 | Create | Villager (Male) |
| 16:47 | Create | Villager (Male) |
| 16:47 | Create | Villager (Male) |
| 16:48 | Create | Villager (Male) |
| 16:53 | Build | Farm |
| 16:59 | Build | Farm |
| 17:04 | Build | Farm |
| 17:09 | Build | Farm |
| 17:12 | Create | Villager (Male) |
| 17:13 | Create | Villager (Male) |
| 17:25 | Create | Villager (Male) |
| 17:25 | Create | Villager (Male) |
| 17:33 | Build | Farm |
| 17:42 | Build | Farm |
| 17:44 | Create | Villager (Male) |
| 17:44 | Create | Villager (Male) |
| 17:44 | Create | Villager (Male) |
| 17:48 | Build | Farm |
| 17:51 | Build | Farm |
| 17:56 | Build | Farm |
| 17:57 | Create | Villager (Male) |
| 17:58 | Create | Villager (Male) |
| 17:58 | Create | Villager (Male) |
| 18:11 | Build | Farm |
| 18:14 | Build | Farm |
| 18:16 | Create | Villager (Male) |
| 18:17 | Create | Villager (Male) |
| 18:17 | Create | Villager (Male) |
| 18:23 | Build | Farm |
| 18:25 | Build | Farm |
| 18:30 | Create | Villager (Male) |
| 18:30 | Create | Villager (Male) |
| 18:36 | Build | Farm |
| 18:38 | Create | Villager (Male) |
| 18:39 | Create | Villager (Male) |
| 18:44 | Build | Farm |
| 18:49 | Build | Farm |
| 18:58 | Create | Villager (Male) |
| 18:58 | Create | Villager (Male) |
| 18:58 | Create | Villager (Male) |
| 19:02 | Build | Farm |
| 19:24 | Create | Villager (Male) |
| 19:24 | Create | Villager (Male) |
| 19:25 | Create | Villager (Male) |
| 19:25 | Create | Villager (Male) |
| 19:25 | Create | Villager (Male) |
| 19:46 | Build | Town Center |
| 20:21 | Create | Villager (Male) |
| 20:21 | Create | Villager (Male) |
| 20:21 | Create | Villager (Male) |
| 20:22 | Create | Villager (Male) |
| 20:22 | Create | Villager (Male) |
| 20:27 | Build | Farm |
| 20:29 | Create | Villager (Male) |
| 20:30 | Create | Villager (Male) |
| 20:30 | Create | Villager (Male) |
| 20:34 | Research | Loom |
| 20:35 | Research | Town Watch |
| 20:46 | Build | Farm |
| 20:46 | Build | Farm |
| 20:46 | Build | Farm |
| 20:47 | Build | Farm |
| 21:05 | Create | Villager (Male) |
| 21:06 | Create | Villager (Male) |
| 21:06 | Create | Villager (Male) |
| 21:10 | Research | Wheelbarrow |
| 21:13 | Research | Heavy Plow |
| 21:18 | Build | Farm |
| 21:37 | Create | Villager (Male) |
| 21:37 | Create | Villager (Male) |
| 21:38 | Create | Villager (Male) |
| 21:38 | Create | Villager (Male) |
| 21:43 | Create | Villager (Male) |
| 21:44 | Create | Villager (Male) |
| 21:53 | Build | Farm |
| 21:53 | Build | Farm |
| 21:54 | Build | Farm |
| 22:01 | Build | Farm |
| 22:17 | Build | Mining Camp |
| 22:39 | Create | Villager (Male) |
Build order — tiger
First 150 of 706 actions detected
| 0:02 | Create | Villager (Male) |
| 0:02 | Create | Villager (Male) |
| 0:03 | Build | House |
| 0:05 | Build | House |
| 0:11 | Create | Villager (Male) |
| 0:11 | Create | Villager (Male) |
| 1:30 | Create | Villager (Male) |
| 1:30 | Create | Villager (Male) |
| 1:30 | Create | Villager (Male) |
| 1:31 | Create | Villager (Male) |
| 1:48 | Build | Lumber Camp |
| 2:05 | Create | Villager (Male) |
| 2:05 | Create | Villager (Male) |
| 2:05 | Create | Villager (Male) |
| 2:23 | Create | Villager (Male) |
| 2:24 | Create | Villager (Male) |
| 2:24 | Create | Villager (Male) |
| 2:24 | Create | Villager (Male) |
| 3:01 | Create | Villager (Male) |
| 3:01 | Create | Villager (Male) |
| 3:01 | Create | Villager (Male) |
| 3:19 | Create | Villager (Male) |
| 3:19 | Create | Villager (Male) |
| 3:20 | Create | Villager (Male) |
| 3:28 | Build | House |
| 3:49 | Create | Villager (Male) |
| 3:50 | Create | Villager (Male) |
| 3:50 | Create | Villager (Male) |
| 4:34 | Create | Villager (Male) |
| 4:35 | Create | Villager (Male) |
| 4:35 | Create | Villager (Male) |
| 4:55 | Build | Mill |
| 4:59 | Create | Villager (Male) |
| 4:59 | Create | Villager (Male) |
| 4:59 | Create | Villager (Male) |
| 5:01 | Create | Villager (Male) |
| 5:02 | Create | Villager (Male) |
| 5:32 | Build | House |
| 5:35 | Create | Villager (Male) |
| 5:35 | Create | Villager (Male) |
| 6:13 | Create | Villager (Male) |
| 6:13 | Create | Villager (Male) |
| 6:14 | Create | Villager (Male) |
| 6:37 | Create | Villager (Male) |
| 6:38 | Create | Villager (Male) |
| 6:38 | Create | Villager (Male) |
| 6:38 | Create | Villager (Male) |
| 8:02 | Build | House |
| 8:05 | Create | Villager (Male) |
| 8:18 | Build | Mining Camp |
| 8:27 | Research | Feudal Age |
| 10:40 | Age | Feudal Age |
| 10:50 | Create | Villager (Male) |
| 11:21 | Research | Castle Age |
| 11:21 | Research | Castle Age |
| 11:21 | Research | Castle Age |
| 11:25 | Build | Farm |
| 11:29 | Build | Farm |
| 11:29 | Build | Farm |
| 11:29 | Build | Farm |
| 11:29 | Build | Farm |
| 11:30 | Build | Farm |
| 11:30 | Build | Farm |
| 11:56 | Research | Double-Bit Axe |
| 11:56 | Research | Double-Bit Axe |
| 12:21 | Research | Loom |
| 12:31 | Research | Horse Collar |
| 12:31 | Research | Horse Collar |
| 12:31 | Research | Horse Collar |
| 13:40 | Build | Lumber Camp |
| 14:01 | Age | Castle Age |
| 14:03 | Create | Villager (Male) |
| 14:03 | Create | Villager (Male) |
| 14:12 | Research | Bow Saw |
| 15:10 | Create | Villager (Male) |
| 15:10 | Create | Villager (Male) |
| 15:18 | Build | House |
| 15:26 | Build | Town Center |
| 15:30 | Create | Villager (Male) |
| 16:16 | Create | Villager (Male) |
| 16:29 | Build | Town Center |
| 16:40 | Create | Villager (Male) |
| 16:40 | Create | Villager (Male) |
| 16:40 | Create | Villager (Male) |
| 16:56 | Build | Monastery |
| 17:08 | Build | Farm |
| 17:13 | Create | Villager (Male) |
| 17:13 | Create | Villager (Male) |
| 17:14 | Create | Villager (Male) |
| 17:18 | Research | Heavy Plow |
| 17:19 | Research | Heavy Plow |
| 17:32 | Create | Villager (Male) |
| 17:36 | Research | Gold Mining |
| 17:58 | Create | Villager (Male) |
| 17:59 | Create | Villager (Male) |
| 17:59 | Create | Villager (Male) |
| 18:02 | Create | Villager (Male) |
| 18:02 | Create | Villager (Male) |
| 18:20 | Build | Farm |
| 18:20 | Build | Farm |
| 18:21 | Build | Farm |
| 18:21 | Build | Farm |
| 18:21 | Build | Farm |
| 18:25 | Create | Villager (Male) |
| 18:25 | Create | Villager (Male) |
| 18:25 | Create | Villager (Male) |
| 18:26 | Create | Villager (Male) |
| 18:32 | Build | Mining Camp |
| 18:38 | Create | Villager (Male) |
| 18:38 | Create | Villager (Male) |
| 18:38 | Create | Villager (Male) |
| 18:39 | Create | Villager (Male) |
| 18:39 | Create | Villager (Male) |
| 18:57 | Create | Villager (Male) |
| 18:57 | Create | Villager (Male) |
| 18:58 | Create | Villager (Male) |
| 19:03 | Build | House |
| 19:04 | Build | House |
| 19:06 | Build | House |
| 19:22 | Create | Villager (Male) |
| 19:22 | Create | Villager (Male) |
| 19:22 | Create | Villager (Male) |
| 19:23 | Create | Villager (Male) |
| 19:29 | Build | Farm |
| 19:29 | Build | Farm |
| 19:30 | Build | Farm |
| 19:35 | Build | Farm |
| 19:35 | Build | Farm |
| 19:35 | Build | Farm |
| 19:36 | Build | Farm |
| 19:45 | Create | Villager (Male) |
| 19:45 | Create | Villager (Male) |
| 19:46 | Create | Villager (Male) |
| 19:46 | Create | Villager (Male) |
| 19:46 | Create | Villager (Male) |
| 19:47 | Create | Villager (Male) |
| 19:47 | Create | Villager (Male) |
| 19:47 | Create | Villager (Male) |
| 20:03 | Create | Villager (Male) |
| 20:04 | Create | Villager (Male) |
| 20:04 | Create | Villager (Male) |
| 20:13 | Build | House |
| 20:14 | Build | House |
| 20:14 | Build | House |
| 20:24 | Build | Farm |
| 20:27 | Create | Villager (Male) |
| 20:27 | Create | Villager (Male) |
| 20:27 | Create | Villager (Male) |
| 20:28 | Create | Villager (Male) |
| 20:28 | Create | Villager (Male) |
Build order — ACUP
First 150 of 665 actions detected
| 0:00 | Create | Villager (Male) |
| 0:01 | Create | Villager (Male) |
| 0:01 | Create | Villager (Male) |
| 0:02 | Build | House |
| 0:05 | Build | House |
| 0:05 | Create | Villager (Male) |
| 1:36 | Create | Villager (Male) |
| 1:59 | Create | Villager (Male) |
| 2:15 | Build | Lumber Camp |
| 2:16 | Create | Villager (Male) |
| 2:35 | Create | Villager (Male) |
| 3:00 | Create | Villager (Male) |
| 3:02 | Create | Villager (Male) |
| 3:03 | Create | Villager (Male) |
| 3:27 | Build | House |
| 3:28 | Build | House |
| 3:50 | Create | Villager (Male) |
| 4:00 | Create | Villager (Male) |
| 4:37 | Create | Villager (Male) |
| 4:37 | Create | Villager (Male) |
| 4:39 | Create | Villager (Male) |
| 4:41 | Build | Mill |
| 5:09 | Create | Villager (Male) |
| 5:56 | Create | Villager (Male) |
| 6:24 | Create | Villager (Male) |
| 6:30 | Create | Villager (Male) |
| 6:35 | Create | Villager (Male) |
| 6:42 | Create | Villager (Male) |
| 6:51 | Create | Villager (Male) |
| 7:52 | Research | Feudal Age |
| 8:02 | Create | Villager (Male) |
| 8:03 | Create | Villager (Male) |
| 8:33 | Create | Villager (Male) |
| 9:45 | Build | Farm |
| 9:48 | Build | Farm |
| 10:05 | Build | Farm |
| 10:06 | Age | Feudal Age |
| 10:14 | Build | Market |
| 10:16 | Build | Blacksmith |
| 10:42 | Build | Farm |
| 10:46 | Build | Farm |
| 11:04 | Research | Double-Bit Axe |
| 11:13 | Research | Castle Age |
| 11:14 | Research | Castle Age |
| 11:18 | Research | Double-Bit Axe |
| 11:18 | Research | Double-Bit Axe |
| 11:57 | Build | House |
| 12:21 | Research | Horse Collar |
| 12:21 | Research | Horse Collar |
| 12:44 | Create | Villager (Male) |
| 13:53 | Age | Castle Age |
| 13:53 | Create | Villager (Male) |
| 14:00 | Build | Town Center |
| 14:02 | Build | Town Center |
| 14:07 | Research | Bow Saw |
| 14:07 | Research | Bow Saw |
| 14:08 | Research | Heavy Plow |
| 14:08 | Research | Heavy Plow |
| 14:09 | Create | Villager (Male) |
| 14:13 | Build | Farm |
| 14:28 | Build | Farm |
| 14:48 | Create | Villager (Male) |
| 14:54 | Build | Farm |
| 15:11 | Create | Villager (Male) |
| 15:16 | Build | Farm |
| 15:25 | Create | Villager (Male) |
| 15:27 | Create | Villager (Male) |
| 15:27 | Create | Villager (Male) |
| 15:36 | Build | Farm |
| 15:39 | Create | Villager (Male) |
| 15:42 | Create | Villager (Male) |
| 15:42 | Create | Villager (Male) |
| 15:51 | Build | Farm |
| 15:53 | Build | Farm |
| 16:04 | Build | Farm |
| 16:09 | Create | Villager (Male) |
| 16:09 | Create | Villager (Male) |
| 16:15 | Build | Farm |
| 16:16 | Create | Villager (Male) |
| 16:16 | Create | Villager (Male) |
| 16:27 | Build | House |
| 16:33 | Build | Farm |
| 16:36 | Create | Villager (Male) |
| 16:36 | Create | Villager (Male) |
| 16:40 | Build | Farm |
| 16:45 | Build | Farm |
| 16:46 | Create | Villager (Male) |
| 16:46 | Create | Villager (Male) |
| 16:50 | Build | House |
| 16:51 | Create | Villager (Male) |
| 16:52 | Create | Villager (Male) |
| 16:52 | Create | Villager (Male) |
| 17:06 | Create | Villager (Male) |
| 17:06 | Create | Villager (Male) |
| 17:16 | Build | Town Center |
| 17:23 | Create | Villager (Male) |
| 17:23 | Create | Villager (Male) |
| 17:25 | Create | Villager (Male) |
| 17:27 | Build | House |
| 17:31 | Build | Farm |
| 17:35 | Build | Farm |
| 17:39 | Create | Villager (Male) |
| 17:39 | Create | Villager (Male) |
| 17:42 | Create | Villager (Male) |
| 17:43 | Build | Farm |
| 17:47 | Build | Farm |
| 17:55 | Build | House |
| 17:59 | Create | Villager (Male) |
| 18:02 | Create | Villager (Male) |
| 18:02 | Create | Villager (Male) |
| 18:08 | Create | Villager (Male) |
| 18:09 | Create | Villager (Male) |
| 18:11 | Build | Farm |
| 18:14 | Build | Farm |
| 18:15 | Create | Villager (Male) |
| 18:20 | Create | Villager (Male) |
| 18:20 | Create | Villager (Male) |
| 18:21 | Create | Villager (Male) |
| 18:21 | Create | Villager (Male) |
| 18:24 | Build | House |
| 18:31 | Build | Farm |
| 18:32 | Create | Villager (Male) |
| 18:36 | Build | Farm |
| 18:39 | Create | Villager (Male) |
| 18:39 | Create | Villager (Male) |
| 18:46 | Create | Villager (Male) |
| 18:46 | Create | Villager (Male) |
| 18:48 | Build | Farm |
| 18:52 | Create | Villager (Male) |
| 18:52 | Create | Villager (Male) |
| 18:54 | Build | Farm |
| 18:59 | Build | Farm |
| 19:02 | Create | Villager (Male) |
| 19:03 | Create | Villager (Male) |
| 19:04 | Build | House |
| 19:08 | Create | Villager (Male) |
| 19:09 | Create | Villager (Male) |
| 19:16 | Create | Villager (Male) |
| 19:16 | Create | Villager (Male) |
| 19:20 | Build | Farm |
| 19:22 | Create | Villager (Male) |
| 19:25 | Build | Farm |
| 19:27 | Create | Villager (Male) |
| 19:29 | Build | Farm |
| 19:35 | Build | House |
| 19:36 | Build | House |
| 19:37 | Create | Villager (Male) |
| 19:40 | Create | Villager (Male) |
| 19:40 | Create | Villager (Male) |
| 19:40 | Create | Villager (Male) |
Match timeline
| 9:56 | 哭稀饭(2125613428) · wall_segment Palisade Wall x27 |
| 9:59 | 小传奇 · age_up feudal |
| 10:06 | ACUP · age_up feudal |
| 10:18 | 哭稀饭(2125613428) · wall_segment Palisade Wall x9 |
| 10:26 | Oliver · age_up feudal |
| 10:31 | Reisen Udongein Inaba · age_up feudal |
| 10:40 | tiger · age_up feudal |
| 10:50 | 哭稀饭(2125613428) · first_building Barracks |
| 10:56 | Hilary · age_up feudal |
| 10:58 | 哭稀饭(2125613428) · age_up feudal |
| 11:01 | Oliver · wall_segment Palisade Wall x2 |
| 11:13 | ACUP · first_market_sell 100 food |
| 11:31 | 83716497273 · age_up feudal |
| 11:37 | Oliver · wall_segment Stone Wall x5 |
| 11:40 | Oliver · wall_segment Stone Wall x7 |
| 12:07 | 哭稀饭(2125613428) · wall_segment Stone Wall x24 |
| 12:12 | Oliver · first_market_buy 100 food |
| 12:53 | Oliver · wall_segment Palisade Wall x1 |
| 12:56 | Oliver · wall_segment Palisade Wall x1 |
| 13:41 | 小传奇 · age_up castle |
| 13:53 | ACUP · age_up castle |
| 14:01 | tiger · age_up castle |
| 14:02 | Reisen Udongein Inaba · age_up castle |
| 14:21 | Reisen Udongein Inaba · first_market_buy 100 stone |
| 14:26 | Hilary · age_up castle |
| 15:12 | 小传奇 · first_market_buy 100 food |
| 15:22 | 83716497273 · age_up castle |
| 15:42 | 哭稀饭(2125613428) · first_building Archery Range |
| 15:59 | Oliver · age_up castle |
| 16:47 | Oliver · first_building Monastery |
| 16:56 | tiger · first_building Monastery |
| 18:49 | Oliver · first_building Barracks |
| 19:00 | Oliver · wall_segment Palisade Wall x1 |
| 19:02 | Oliver · wall_segment Palisade Wall x1 |
| 19:03 | 哭稀饭(2125613428) · age_up castle |
| 19:06 | Oliver · wall_segment Palisade Wall x1 |
| 19:11 | Oliver · wall_segment Palisade Wall x1 |
| 19:22 | 哭稀饭(2125613428) · first_building Monastery |
| 19:48 | Hilary · first_market_buy 100 wood |
| 20:03 | Reisen Udongein Inaba · wall_segment Palisade Wall x1 |
| 21:30 | Oliver · first_building Siege Workshop |
| 22:31 | Reisen Udongein Inaba · first_building Monastery |
| 23:11 | Hilary · first_building Monastery |
| 23:16 | tiger · first_building Siege Workshop |
| 23:41 | ACUP · first_building Siege Workshop |
| 24:35 | Reisen Udongein Inaba · first_building Barracks |
| 24:55 | Oliver · first_building Castle |
| 24:58 | ACUP · first_building Barracks |
| 25:14 | tiger · first_building Stable |
| 25:28 | 小传奇 · first_building Monastery |
| 25:30 | 小传奇 · first_building Siege Workshop |
| 25:31 | 83716497273 · first_building Siege Workshop |
| 26:04 | Hilary · first_building Castle |
| 26:28 | 小传奇 · first_building Castle |
| 26:52 | ACUP · first_building Castle |
| 27:04 | 小传奇 · first_building Barracks |
| 27:12 | Reisen Udongein Inaba · first_building Castle |
| 28:09 | 小传奇 · first_building Stable |
| 28:34 | tiger · first_building Castle |
| 28:35 | 83716497273 · first_market_buy 100 food |
| 28:45 | Hilary · first_building Barracks |
| 28:47 | ACUP · age_up imperial |
| 28:52 | tiger · age_up imperial |
| 29:16 | 哭稀饭(2125613428) · first_building Castle |
| 29:26 | 小传奇 · age_up imperial |
| 29:30 | ACUP · first_market_buy 100 stone |
| 29:32 | Hilary · first_building Siege Workshop |
| 29:41 | Hilary · first_building Stable |
| 30:05 | Hilary · age_up imperial |
| 30:17 | 83716497273 · first_building Castle |
| 30:28 | Reisen Udongein Inaba · first_building Siege Workshop |
| 31:58 | Reisen Udongein Inaba · age_up imperial |
| 32:01 | Reisen Udongein Inaba · first_market_sell 500 food |
| 32:15 | 83716497273 · age_up imperial |
| 32:18 | ACUP · first_building Archery Range |
| 32:55 | Oliver · age_up imperial |
| 32:56 | 哭稀饭(2125613428) · age_up imperial |
| 34:41 | 哭稀饭(2125613428) · first_market_sell 100 food |
| 34:57 | 83716497273 · tribute_sent a jugador 1 |
| 34:57 | 83716497273 · tribute_sent a jugador 2 |
| 34:57 | 83716497273 · tribute_sent a jugador 3 |
| 34:57 | 83716497273 · tribute_sent a jugador 5 |
| 34:57 | 83716497273 · tribute_sent a jugador 6 |
| 34:57 | 83716497273 · tribute_sent a jugador 7 |
| 34:57 | 83716497273 · tribute_sent a jugador 8 |
| 36:19 | ACUP · tribute_sent a jugador 1 |
| 36:19 | ACUP · tribute_sent a jugador 2 |
| 36:19 | ACUP · tribute_sent a jugador 3 |
| 36:19 | ACUP · tribute_sent a jugador 4 |
| 36:20 | ACUP · tribute_sent a jugador 5 |
| 36:20 | ACUP · tribute_sent a jugador 6 |
| 36:20 | ACUP · tribute_sent a jugador 7 |
| 36:50 | ACUP · first_building Monastery |
| 41:05 | 小传奇 · first_market_sell 500 wood |
| 41:31 | ACUP · tribute_sent a jugador 1 |
| 41:31 | ACUP · tribute_sent a jugador 2 |
| 41:31 | ACUP · tribute_sent a jugador 3 |
| 41:31 | ACUP · tribute_sent a jugador 4 |
| 41:31 | ACUP · tribute_sent a jugador 5 |
| 41:31 | ACUP · tribute_sent a jugador 6 |
| 41:31 | ACUP · tribute_sent a jugador 7 |
| 43:05 | Oliver · first_market_sell 500 food |
| 44:29 | Oliver · first_building Stable |
| 45:39 | 哭稀饭(2125613428) · tribute_sent a jugador 1 |
| 45:39 | 哭稀饭(2125613428) · tribute_sent a jugador 3 |
| 45:39 | 哭稀饭(2125613428) · tribute_sent a jugador 4 |
| 45:39 | 哭稀饭(2125613428) · tribute_sent a jugador 5 |
| 45:39 | 哭稀饭(2125613428) · tribute_sent a jugador 6 |
| 45:39 | 哭稀饭(2125613428) · tribute_sent a jugador 7 |
| 45:39 | 哭稀饭(2125613428) · tribute_sent a jugador 8 |
| 46:34 | Oliver · resign |
| 46:53 | ACUP · tribute_sent a jugador 1 |
| 46:53 | ACUP · tribute_sent a jugador 2 |
| 46:53 | ACUP · tribute_sent a jugador 3 |
| 46:53 | ACUP · tribute_sent a jugador 4 |
| 46:53 | ACUP · tribute_sent a jugador 5 |
| 46:53 | ACUP · tribute_sent a jugador 6 |
| 46:53 | ACUP · tribute_sent a jugador 7 |
[ AI ANALYSIS · 1 CREDIT ]
What really happened in this match?
Wolo.gg analyzes every decision: build order, eco, micro, common mistakes by bracket. Personalized analysis on WhatsApp or Discord in 30 seconds.
Civ guide
Spanish
Perfil
Jugador #21160808